 Dungeon Crawl Stone Soup version 0.30.0-29-ga12c61a403 (webtiles) character file.

Game seed: 14622309925655946511

103875 seaoflcl the Severer (level 15, -2/136 HPs)
             Began as a Minotaur Fighter on June 11, 2023.
             Was the Champion of Okawaru.
             Slain by a wind drake (5 damage)
             ... on level 4 of the Shoals.
             The game lasted 01:07:51 (26855 turns).

seaoflcl the Severer (Minotaur Fighter)            Turns: 26855, Time: 01:07:52

Health: -2/136     AC: 31    Str: 32    XL:     15   Next: 90%
Magic:  14/14      EV:  8    Int: 13    God:    Okawaru [******]
Gold:   1015       SH: 18    Dex:  8    Spells: 14/14 levels left

rFire   + . .        D - +5 broad axe of the Doomed Warrior {heavy, Will+ Int+6 Dex-4}
rCold   + + .        H - +0 kite shield
rNeg    + . .        g - +0 crystal plate armour of the End {rPois rN+}
rPois   +            (helmet restricted)
rElec   .            (no cloak)
rCorr   .            X - +1 pair of gloves "Winozirph" {rF+ Str+6}
SInv    .            k - +1 pair of boots
Will    ++...        Y - amulet of reflection Stlth
                     v - +4 ring of protection
HPRegen 0.42/turn    W - ring "Ysirph" {Drain rPois rC++ Int+2 Slay+2}
MPRegen 0.14/turn

%: reflection
@: no status effects
A: horns 2, retaliatory headbutt
a: Renounce Religion, Heroism, Finesse, Duel


You were on level 4 of the Shoals.
You worshipped Okawaru.
Okawaru was exalted by your worship.
You visited 5 branches of the dungeon, and saw 23 of its levels.
You also visited: Ice Cave.

You collected 1355 gold pieces.
You spent 340 gold pieces at shops.

Inventory:

Hand Weapons
 a - a +2 short sword
 t - a +3 whip of holy wrath
 A - a +6 spear of freezing
 C - a +5 mace
 D - the +5 broad axe of the Doomed Warrior (weapon) {heavy, Will+ Int+6 Dex-4}
   (Okawaru gifted it to you on level 11 of the Dungeon)

   Int:       It affects your intelligence (+6).
   Dex:       It affects your dexterity (-4).
   Will:      It increases your willpower.
 K - a +5 war axe
 R - a +5 falchion of protection
Missiles
 n - a boomerang of dispersal
 r - 8 curare-tipped darts
 z - 4 atropa-tipped darts
 B - a throwing net
 P - 23 poisoned darts
 Q - 7 boomerangs
 T - a silver boomerang
 U - 7 silver javelins
 V - a javelin (quivered)
Armour
 g - the +0 crystal plate armour of the End (worn) {rPois rN+}
   (Okawaru gifted it to you on level 2 of the Lair of Beasts)

   rPois:     It protects you from poison.
   rN:        It protects you from negative energy.
 k - a +1 pair of boots (worn)
 H - a +0 kite shield (worn)
 X - the +1 pair of gloves "Winozirph" (worn) {rF+ Str+6}
   (Okawaru gifted it to you on level 5 of the Lair of Beasts)

   Str:       It affects your strength (+6).
   rF:        It protects you from fire.
Jewellery
 c - an amulet of guardian spirit
 f - a +6 ring of strength
 i - a ring of flight
 l - a ring of fire
 v - a +4 ring of protection (left hand)
 G - a ring of protection from fire
 S - an amulet of regeneration
 W - the ring "Ysirph" (right hand) {Drain rPois rC++ Int+2 Slay+2}
   (You found it on level 3 of the Lair of Beasts)

   [ring of poison resistance]

   Int:       It affects your intelligence (+2).
   Slay:      It affects your accuracy & damage with ranged weapons and melee
   (+2).
   rC:        It greatly protects you from cold.
   rPois:     It protects you from poison.
   Drain:     It drains your maximum health when unequipped.
 Y - an amulet of reflection (around neck)
 Z - a ring of resist corrosion
Wands
 h - a wand of mindburst (23)
 y - a wand of iceblast (2)
 O - a wand of light (10)
Scrolls
 b - a scroll of silence
 j - a scroll of fog
 m - a scroll of enchant armour
 p - 16 scrolls of teleportation
 q - a scroll of blinking
 s - 3 scrolls of magic mapping
 x - 7 scrolls of immolation
 E - 2 scrolls of fear
 I - a scroll of poison
 N - 3 scrolls of enchant weapon
Potions
 d - 2 potions of might
 e - a potion of berserk rage
 o - 5 potions of flight
 u - 4 potions of curing
 w - 3 potions of mutation
 F - 3 potions of lignification
 J - 3 potions of resistance
 M - 4 potions of ambrosia


   Skills:
 + Level 13.6 Fighting
 - Level 10.0 Short Blades
 + Level 17.3 Axes
 + Level 10.9 Throwing
 + Level 13.7 Armour
 + Level 10.1 Dodging
 + Level 17.2 Shields


You had 14 spell levels left.
You didn't know any spells.
Your spell library contained the following spells:

 Spells                   Type           Power      Damage    Failure   Level
 Magic Dart               Conj           0%         1d3       99%         1
 Sandblast                Erth           0%         2d4       99%         1
 Cigotuvi's Dreadful Rot  Necr/Pois/Air  0%         N/A       100%        2
 Ensorcelled Hibernation  Hex/Ice        0%         N/A       100%        2
 Passwall                 Tmut/Erth      0%         N/A       100%        2
 Frozen Ramparts          Ice            0%         1d1       100%        3
 Hailstorm                Conj/Ice       0%         3d3       100%        3
 Ignite Poison            Fire/Tmut/Pois 0%         N/A       100%        3
 Mephitic Cloud           Conj/Pois/Air  0%         N/A       100%        3
 Spider Form              Tmut/Pois      0%         N/A       100%        3
 Stone Arrow              Conj/Erth      0%         3d7       100%        3
 Vhi's Electric Charge    Tloc/Air       0%         N/A       100%        3
 Anguish                  Hex/Necr       0%         N/A       100%        4
 Dispel Undead            Necr           0%         3d6       100%        4
 Ice Form                 Ice/Tmut       0%         N/A       100%        4
 Olgreb's Toxic Radiance  Pois           0%         N/A       100%        4
 Arcjolt                  Conj/Air       0%         1d10      100%        5
 Freezing Cloud           Conj/Ice/Air   0%         6-21      100%        5
 Plasma Beam              Fire/Air       0%         2x1d11    100%        6
 Discord                  Hex            0%         N/A       100%        8
 Ignition                 Fire           0%         3d3       100%        8
 Call Imp                 Summ           Unusable   N/A       N/A         2
 Summon Ice Beast         Ice/Summ       Unusable   N/A       N/A         4
 Death Channel            Necr           Unusable   N/A       N/A         6
 Simulacrum               Ice/Necr       Unusable   N/A       N/A         6

Dungeon Overview and Level Annotations

Branches:
Dungeon (11/15)            Temple (1/1) D:6            Lair (5/5) D:11
 Shoals (4/4) Lair:2        Snake (2/4) Lair:3        Slime (0/5) Lair:4
  IceCv (visited)
    Orc: D:9-12

Altars:
Ashenzari
Cheibriados
Dithmenos
Elyvilon
Fedhas
Gozag
Hepliaklqana
Kikubaaqudgha
Okawaru
Qazlal
Sif Muna
Trog
Uskayaw
Vehumet
Xom
Zin

Shops:
D:8 *   Shoals:3 =   Snake:1 =

Annotations:
D:9 1 runed translucent door, ystael's ghost, novice TrFi
D:10 1 runed translucent door, Darkkill's ghost, journeyman MiHu
Lair:4 1 runed translucent door
Shoals:4 Polyphemus


Innate Abilities, Weirdness & Mutations

You have a pair of horns on your head.
You reflexively headbutt those who attack you in melee.


Message History

Splash!
You fall into the shallow water.
Moving in this stuff is going to be slow.
A wind drake comes into view.
Found 21 gold pieces.
The wind drake hisses angrily.
The wind drake flaps its wings at you. The air twists around and strikes you!
* * * LOW HITPOINT WARNING * * *
The wind drake bites you but does no damage.
The wind drake bites you.
* * * LOW HITPOINT WARNING * * *
The wind drake bites you but does no damage. x2
The wind drake flaps its wings at you. The air twists around and strikes you.
The wind drake flaps its wings at you. The air twists around and strikes you.
The wind drake bites you but does no damage.
You turn to flesh and can move again.
Your unstable footing causes you to fumble your attack.
The wind drake exhales a fierce blast of wind!
You are knocked back by the gust of wind.
Splash!
The wind drake flaps its wings at you. The air twists around and strikes you.
* * * LOW HITPOINT WARNING * * *
You slice the wind drake!!
The wind drake is severely wounded.
The wind drake barely misses you. You furiously retaliate!
You headbutt the wind drake! You closely miss the wind drake.
The wind drake is severely wounded.
You block the wind drake's attack.
Your unstable footing causes you to fumble your attack.
The wind drake bites you but does no damage.
The wind drake flaps its wings at you. The air twists around and strikes you!
* * * LOW HITPOINT WARNING * * *
The wind drake bites you.
You die...

≈≈≈≈≈≈≈≈≈≈≈≈≈≈≈
≈≈≈≈≈≈≈≈≈≈≈≈≈≈≈≈≈
≈≈≈≈≈≈≈≈≈≈≈≈≈≈≈≈≈
≈≈≈≈≈≈≈≈≈≈≈≈≈≈≈≈≈
≈≈≈≈≈≈≈≈≈≈≈≈≈≈≈≈
≈≈≈≈≈≈≈≈≈≈≈≈≈≈≈
#≈≈≈≈≈≈≈≈≈≈≈≈
#~~~~≈≈≈≈≈≈≈
#~@~~~≈≈≈≈≈≈
#~~k~~~≈≈≈≈≈
#~~~~~≈≈≈≈≈≈
#~~~~~~≈≈≈≈≈
#~..~~~~~~~≈≈
.~$~...~~~~~~~≈
.~~.##..~~~~~≈≈
~~~. #....~~~~≈
~~~ ....~~~~~≈


You could see a wind drake (repels missiles).

Vanquished Creatures
  Rupert (Snake:1)
  A nagaraja (Snake:2)
  A very ugly thing (Snake:1)
  A deep elf annihilator (D:11)
  2 merfolk javelineers
  A fire dragon (Lair:5)
  A merfolk avatar (Shoals:1)
  A caustic shrike simulacrum (IceCv)
  5 hydras
  6 two-headed ogres
  A catoblepas (Lair:3)
  3 boulder beetles
  4 death yaks (Lair:3)
  5 anacondas
  2 naga warriors
  A naga sharpshooter (Snake:2)
  2 shock serpents
  5 sea snakes
  6 skysharks
  A swamp dragon (Lair:5)
  13 spriggan simulacra (IceCv)
  3 naga ritualists
  A bog body (IceCv)
  Pikel (D:4)
  10 harpies (Shoals:1)
  3 mana vipers (Snake:1)
  2 wolf spiders
  4 salamanders
  8 ugly things
  6 manticores
  7 fauns (Shoals:2)
  A merfolk siren (Shoals:1)
  A cyclops (Shoals:2)
  19 black mambas
  7 elephants (Lair:3)
  A guardian serpent (Snake:2)
  3 torpor snails (Lair:3)
  5 naga magi
  Maggie (Lair:2)
  17 cane toads
  Psyche (D:11)
  2 kobold demonologists
  4 rime drakes
  2 freezing wraiths (IceCv)
  9 ice devils (IceCv)
  14 komodo dragons
  4 merfolk
  A polar bear (Lair:1)
  A troll (D:9)
  15 blink frogs
  A wind drake (Lair:2)
  5 snapping turtles
  15 dream sheep
  A wraith (D:10)
  A shadow (D:11)
  19 yaks
  A dire elephant simulacrum (IceCv)
  7 wyverns
  6 basilisks
  A water elemental (Shoals:1)
  3 minotaur simulacra (IceCv)
  6 steam dragons
  Menkaure (D:4)
  11 nagas
  6 acid dragons (Lair:5)
  20 water moccasins
  2 black bears (D:11)
  6 orc warriors
  An ettin simulacrum (IceCv)
  A sky beast (D:7)
  11 wolves
  4 alligator simulacra (IceCv)
  3 ogres
  2 centaurs
  5 kobold brigands
  12 bullfrogs
  2 gnoll sergeants (D:7)
  7 deep troll simulacra (IceCv)
  5 scorpions
  6 wights
  5 necrophages (Lair:3)
  5 killer bees (D:7)
  An electric eel (Lair:5)
  3 howler monkeys
  4 hounds
  5 orc priests
  A gnoll bouda (D:8)
  2 jellies
  2 sleepcaps (D:5)
  Jessica (D:2)
  5 iguanas
  Terence (D:3)
  12 orc wizards
  Robin (D:3)
  13 gnolls
  12 adders
  A shadow imp (D:5)
  2 white imps
  An ufetubus (D:5)
  5 worms
  A dart slug (D:1)
  46 orcs
  8 bats
  6 endoplasms
  6 giant cockroaches
  11 goblins
  9 hobgoblins
  2 jackals (D:2)
  17 kobolds
  9 quokkas
  6 ball pythons
  4 frilled lizards
  11 rats
605 creatures vanquished.

Vanquished Creatures (others)
  4 tentacles (Shoals:2)
4 creatures vanquished.

Grand Total: 609 creatures vanquished

Notes
Turn   | Place    | Note
-------+----------+-------------------------------------------
     0 | D:1      | seaoflcl the Minotaur Fighter began the quest for the Orb.
     0 | D:1      | Reached XP level 1. HP: 19/19 MP: 0/0
   157 | D:1      | Reached XP level 2. HP: 27/27 MP: 1/1
  1224 | D:2      | Reached XP level 3. HP: 31/33 MP: 2/2
  1315 | D:2      | Noticed Jessica
  1320 | D:2      | Killed Jessica
  1321 | D:2      | Reached XP level 4. HP: 40/40 MP: 3/3
  1829 | D:3      | Reached XP level 5. HP: 47/47 MP: 4/4
  1986 | D:3      | Reached skill level 5 in Shields
  2010 | D:3      | Noticed Robin
  2018 | D:3      | Killed Robin
  2225 | D:3      | Noticed Terence
  2236 | D:3      | Killed Terence
  2342 | D:3      | Reached skill level 5 in Axes
  2342 | D:3      | Reached XP level 6. HP: 54/55 MP: 5/5
  2556 | D:4      | Found a shadowy altar of Dithmenos.
  2562 | D:4      | Reached skill level 1 in Throwing
  2648 | D:4      | Reached skill level 5 in Fighting
  2649 | D:4      | Reached skill level 5 in Armour
  2700 | D:4      | Noticed Menkaure
  2704 | D:4      | Killed Menkaure
  2855 | D:4      | Reached XP level 7. HP: 61/61 MP: 6/6
  3026 | D:4      | Noticed Pikel
  3041 | D:4      | Killed Pikel
  3318 | D:5      | Entered Level 5 of the Dungeon
  3343 | D:5      | Reached XP level 8. HP: 62/70 MP: 7/7
  4889 | D:6      | Found a staircase to the Ecumenical Temple.
  5093 | Temple   | Entered the Ecumenical Temple
  5161 | Temple   | Became a worshipper of Warmaster Okawaru
  5311 | D:7      | Reached XP level 9. HP: 76/78 MP: 8/8
  5409 | D:7      | Reached * piety under Okawaru
  5726 | D:7      | Reached skill level 1 in Short Blades
  6331 | D:7      | Reached skill level 10 in Shields
  6335 | D:8      | Found Gozag's Platinum Reserve.
  6358 | D:8      | Found an opulent altar of Gozag.
  6562 | D:8      | Reached skill level 10 in Axes
  6562 | D:8      | Reached ** piety under Okawaru
  6654 | D:8      | Reached skill level 5 in Throwing
  7081 | D:9      | Noticed a two-headed ogre
  7086 | D:9      | Killed a two-headed ogre
  7087 | D:9      | Reached XP level 10. HP: 70/88 MP: 6/9
  7220 | D:9      | Noticed a boulder beetle
  7660 | D:9      | Reached *** piety under Okawaru
  8008 | D:9      | Found a runed translucent door.
  8009 | D:9      | Noticed a six-headed hydra
  8010 | D:9      | Noticed ystael's ghost (novice TrFi)
  8145 | D:9      | Killed a boulder beetle
  8146 | D:9      | Reached skill level 1 in Dodging
  8313 | D:10     | Entered Level 10 of the Dungeon
  8319 | D:10     | Noticed a two-headed ogre
  8329 | D:10     | Killed a two-headed ogre
  8329 | D:10     | Reached **** piety under Okawaru
  8360 | D:10     | Found a runed translucent door.
  8361 | D:10     | Noticed Darkkill's ghost (journeyman MiHu)
  8539 | D:10     | Noticed a two-headed ogre
  8543 | D:10     | Killed a two-headed ogre
  8544 | D:10     | Reached XP level 11. HP: 95/95 MP: 10/10
  8627 | D:10     | Reached ***** piety under Okawaru
  8633 | D:10     | Noticed a sixfirhy
  8639 | D:10     | Noticed a sun demon
  8644 | D:10     | Noticed a sixfirhy
  9094 | D:11     | Noticed a two-headed ogre
  9107 | D:11     | Killed a two-headed ogre
  9213 | D:10     | Noticed a two-headed ogre
  9227 | D:10     | Killed a two-headed ogre
  9618 | D:10     | Received a gift from Okawaru
  9752 | D:11     | Received a gift from Okawaru
  9757 | D:11     | Reached skill level 5 in Short Blades
  9865 | D:11     | Noticed Psyche
  9873 | D:11     | Killed Psyche
 10197 | D:11     | Noticed a deep elf annihilator
 10207 | D:11     | Killed a deep elf annihilator
 10207 | D:11     | Received a gift from Okawaru
 10207 | D:11     | Received a gift from Okawaru
 10320 | D:11     | Noticed a two-headed ogre
 10329 | D:11     | Killed a two-headed ogre
 10365 | D:11     | Noticed a white ugly thing
 10375 | D:11     | Killed a white ugly thing
 10375 | D:11     | Identified the +5 broad axe of the Doomed Warrior {heavy,
                  | Will+ Int+6 Dex-4} (Okawaru gifted it to you on level 11 of
                  | the Dungeon)
 10375 | D:11     | Received a gift from Okawaru
 10452 | D:11     | Found a staircase to the Lair.
 10465 | Lair:1   | Entered Level 1 of the Lair of Beasts
 11015 | Lair:1   | Found a hazy altar of Hepliaklqana.
 11311 | Lair:2   | Reached XP level 12. HP: 44/106 MP: 8/11
 11557 | Lair:2   | Found a staircase to the Shoals.
 11910 | Lair:2   | Noticed Maggie
 11925 | Lair:2   | Killed Maggie
 11974 | Lair:2   | Reached skill level 10 in Armour
 11985 | Lair:2   | Identified the +0 crystal plate armour of the End {rPois
                  | rN+} (Okawaru gifted it to you on level 2 of the Lair of
                  | Beasts)
 11985 | Lair:2   | Received a gift from Okawaru
 12088 | Lair:2   | Noticed a seven-headed hydra
 12255 | Lair:3   | Reached skill level 10 in Fighting
 12258 | Lair:3   | Noticed a catoblepas
 12268 | Lair:3   | Killed a catoblepas
 12278 | Lair:3   | Reached skill level 5 in Dodging
 12470 | Lair:3   | Noticed a four-headed hydra
 12482 | Lair:3   | Killed a four-headed hydra
 12921 | Lair:3   | Noticed a death yak
 12921 | Lair:3   | Noticed a death yak
 12926 | Lair:3   | Noticed a death yak
 12928 | Lair:3   | Killed a death yak
 12932 | Lair:3   | Noticed a death yak
 12932 | Lair:3   | Killed a death yak
 12932 | Lair:3   | Reached ****** piety under Okawaru
 12934 | Lair:3   | Killed a death yak
 12934 | Lair:3   | Received a gift from Okawaru
 12939 | Lair:3   | Killed a death yak
 13183 | Lair:3   | Reached XP level 13. HP: 104/114 MP: 10/12
 13756 | Lair:3   | Received a gift from Okawaru
 13775 | Lair:3   | Reached skill level 15 in Axes
 13775 | Lair:3   | Received a gift from Okawaru
 14340 | Lair:3   | Reached skill level 15 in Shields
 14732 | Lair:3   | Identified the ring "Ysirph" {Drain rPois rC++ Int+2
                  | Slay+2}
 15138 | Lair:3   | Found a staircase to the Snake Pit.
 15781 | Lair:4   | Found a runed translucent door.
 15784 | Lair:4   | Found a staircase to the Slime Pits.
 16111 | Lair:5   | Entered Level 5 of the Lair of Beasts
 17046 | Lair:5   | Received a gift from Okawaru
 17335 | Lair:5   | Reached XP level 14. HP: 105/125 MP: 13/13
 17688 | Lair:5   | Identified the +1 pair of gloves "Winozirph" {rF+ Str+6}
                  | (Okawaru gifted it to you on level 5 of the Lair of Beasts)
 17688 | Lair:5   | Received a gift from Okawaru
 17982 | Lair:5   | Identified the +6 short sword of a Labyrinth {heavy, MP+9
                  | Str+4}
 19228 | Snake:1  | Entered Level 1 of the Snake Pit
 19230 | Snake:1  | Found Taddaffe's Jewellery Boutique.
 19298 | Snake:1  | Identified the +3 ring mail of Qomen {-Tele Int+4 Dex+8
                  | Stlth+}
 19361 | Snake:1  | Bought a ring of resist corrosion for 340 gold pieces
 20183 | Snake:1  | Noticed Rupert
 20188 | Snake:1  | Paralysed by Rupert for 4 turns
 20204 | Snake:1  | Killed Rupert
 20644 | Snake:2  | Noticed a nagaraja
 20652 | Snake:2  | Killed a nagaraja
 20660 | Snake:2  | Noticed a white very ugly thing
 20675 | Snake:2  | Received a gift from Okawaru
 20678 | Snake:1  | Killed a cyan very ugly thing
 20679 | Snake:1  | HP: 7/190 [shock serpent (12)]
 20680 | Snake:1  | Identified the +7 war axe of Drought {pain, *Slow MP+9
                  | Dex+3 Stlth+} (Okawaru gifted it to you on level 1 of the
                  | Snake Pit)
 20680 | Snake:1  | Received a gift from Okawaru
 20680 | Snake:1  | HP: 1/190 [something (6)]
 21281 | Snake:2  | Found a frozen archway.
 21292 | IceCv    | Entered an ice cave
 21362 | IceCv    | Reached XP level 15. HP: 117/134 MP: 14/14
 21543 | IceCv    | Reached skill level 10 in Throwing
 21856 | IceCv    | Received a gift from Okawaru
 22526 | IceCv    | Identified the +0 chain mail of Nusaleq {Regen+ Dex-4 SInv}
                  | (Okawaru gifted it to you in an ice cave)
 22526 | IceCv    | Received a gift from Okawaru
 23558 | Snake:2  | Reached skill level 10 in Short Blades
 24808 | Shoals:1 | Entered Level 1 of the Shoals
 25946 | Shoals:2 | Received a gift from Okawaru
 25948 | Shoals:2 | Reached skill level 10 in Dodging
 26343 | Shoals:2 | Noticed a kraken
 26401 | Shoals:3 | Received a gift from Okawaru
 26785 | Shoals:3 | Found Qusuw's Jewellery Emporium.
 26831 | Shoals:4 | Entered Level 4 of the Shoals
 26831 | Shoals:4 | Noticed Polyphemus
 26854 | Shoals:4 | HP: 3/136 [wind drake/the air (16)]
 26855 | Shoals:4 | Slain by a wind drake

Illustrated notes

Levels and vault maps discovered:
D:1:      saegor_arrival_simple_b, layout_basic, nrook_uturn
D:2:      layout_rooms, uniq_jessica
D:3:      layout_loops_ring, uniq_terence, uniq_robin, uniq_grinder
D:4:      wad_woods_stonehenge, layout_basic, mrwooster_statue_mirror,
          uniq_menkaure, uniq_pikel
D:5:      layout_loops_ring
D:6:      layout_rooms, minmay_temple_entry_overgrown
D:7:      layout_gridville
D:8:      layout_basic, nicolae_gozag_zags_fifth_avenue, serial_corexii_hall,
          chequers_hall_statues_corner_a, corexii_hall_statues_x
D:9:      layout_big_octagon, ebering_ghost_inner_flame
D:10:     layout_long_grid, gammafunk_ghost_grave, hangedman_decor_slide_cut,
          minmay_misc_feat_enclosed
D:11:     layout_layer_cave, grunt_lair_entry_orc_guard_hut,
          kennysheep_just_a_vault, uniq_psyche
Temple:   regret_index_temple_sigil_plot
Lair:1:   layout_chaotic_city, basic_altar
Lair:2:   minmay_lair_venomous_thicket, layout_layer_cave,
          minmay_shoals_entry_beasts, beast_lair_carwin_8, grunt_megastairs_3,
          lemuel_fruit_tree, uniq_maggie
Lair:3:   nzn_winding_woodlands_huge [nzn_winding_woodlands_5x15_garden,
          nzn_winding_woodlands_5x15_pockets,
          nzn_winding_woodlands_5x15_default, nzn_winding_woodlands_5x15_twine,
          nzn_winding_woodlands_5x15_jagged,
          nzn_winding_woodlands_5x15_split_checker,
          nzn_winding_woodlands_5x15_longhouse,
          nzn_winding_woodlands_5x15_sawtooth,
          nzn_winding_woodlands_5x15_sidewinder,
          nzn_winding_woodlands_5x15_zeroes, nzn_winding_woodlands_center_lodge,
          nzn_winding_woodlands_center_diamonds,
          nzn_winding_woodlands_15x15_five_gardens], layout_regular_city,
          dummy_snake_entry, roderic_carrion_pond
Lair:4:   layout_gridlike, slime_entry_2, grunt_megastairs_4
Lair:5:   guppyfry_lair_end_dragon, layout_hall_layers,
          nicolae_quartered_pool_super, guppyfry_lair_drakes,
          serial_bayou_shore_a, lemuel_fruit_fields
Shoals:1: layout_shoals
Shoals:2: layout_shoals, uniq_nikola
Shoals:3: layout_shoals, serial_shops, shop, nicolae_shoals_hunting_party
Shoals:4: shoals_end_simple, layout_shoals, abandoned_shop, uniq_polyphemus
Snake:1:  layout_onion, serial_shops, nicolae_shop_trees, uniq_rupert
Snake:2:  layout_grid_shapes, portal_ice_cave_entry_ugly_swarm

Skill      XL: |  1  2  3  4  5  6  7  8  9 10 11 12 13 14 15 |
---------------+----------------------------------------------+-----
Axes           | 3 4 5 7 8 10 11 13 14 15 16 17 | 17.3
Armour         | 4 5 7 8 9 10 11 12 13 | 13.7
Fighting       | 4 5 6 7 8 9 10 11 12 13 | 13.6
Shields        | 4 5 6 7 8 10 11 13 14 15 16 17 | 17.2
Throwing       | 1 2 3 5 6 7 8 9 10 | 10.9
Short Blades   | 2 4 5 7 8 9 10 | 10.0
Dodging        | 2 4 6 7 8 10 | 10.1

Action                     |  1- 3 |  4- 6 |  7- 9 | 10-12 | 13-15 || total
---------------------------+-------+-------+-------+-------+-------++-------
  Melee: War axe           |    55 |   145 |   206 |   220 |       ||   626
         Headbutt          |     7 |    17 |    45 |    95 |   155 ||   319
         Broad axe         |       |       |       |   171 |   615 ||   786
         Short sword       |       |       |       |     8 |    88 ||    96
  Throw: Dart              |       |       |       |    32 |       ||    32
         Boomerang         |       |       |       |    12 |       ||    12
         Javelin           |       |       |       |     6 |    10 ||    16
 Invoke: Heroism           |       |       |       |     2 |     5 ||     7
         Finesse           |       |       |       |     1 |     2 ||     3
    Use: Scroll            |       |       |     9 |    13 |    14 ||    36
         Potion            |       |       |       |     3 |    12 ||    15
   Stab: Invisible         |       |       |       |       |     2 ||     2
 Armour: Scale mail        |     5 |       |       |       |       ||     5
         Chain mail        |    32 |    68 |    57 |       |       ||   157
         Plate armour      |       |       |    26 |   158 |       ||   184
         Crystal plate arm |       |       |       |    85 |   548 ||   633
  Dodge: Dodged            |    30 |    60 |    68 |    86 |   238 ||   482
  Block: Buckler           |    11 |    31 |    39 |       |       ||    81
         Kite shield       |       |       |    62 |   232 |   771 ||  1065
         Reflection        |       |       |       |       |    35 ||    35
